 Dungeon Crawl Stone Soup version 0.31-a0-986-g5e6e4ef867 (webtiles) character file.

Game seed: 3625268136746097970

54 Zdeegee the Shield-Bearer (level 4, 0/37 HPs)
             Began as a Formicid Fighter on Nov 7, 2023.
             Slain by an ice beast (5 damage)
             ... on level 3 of the Dungeon.
             The game lasted 00:03:05 (1980 turns).

Zdeegee the Shield-Bearer (Formicid Fighter)        Turns: 1980, Time: 00:03:06

Health: 0/37       AC:  7    Str: 23    XL:     4   Next: 12%
Magic:  5/5        EV:  9    Int:  7    God:
Gold:   89         SH:  5    Dex: 13    Spells: 3/3 levels left

rFire   . . .        a - +0 war axe
rCold   . . .        c - +0 buckler
rNeg    . . .        b - +0 scale mail
rPois   .            (helmet unavailable)
rElec   .            (no cloak)
rCorr   .            (no gloves)
SInv    +            (no boots)
Will    .....        (no amulet) Stlth
                     (no ring)
HPRegen 0.26/turn    (no ring)
MPRegen 0.09/turn

%: no passive effects
@: mighty
A: permanent stasis, dig shafts and tunnels, antennae 3, four strong arms
a: Dig, Shaft Self


You were on level 3 of the Dungeon.
You visited 1 branch of the dungeon, and saw 3 of its levels.

You collected 89 gold pieces.

Inventory:

Hand Weapons
 a - a +0 war axe (weapon)
Armour
 b - a +0 scale mail (worn)
 c - a +0 buckler (worn)
Jewellery
 e - an amulet of magic regeneration
Scrolls
 f - 2 scrolls of immolation {unknown}
 i - a scroll of acquirement {unknown}
 j - a scroll of teleportation {unknown}
 k - a scroll of fog {unknown}
 m - 2 scrolls of identify {unknown}
Potions
 d - a potion of might
 g - a potion of haste {unknown}
 h - 3 potions of curing {unknown}
 l - a potion of attraction {unknown}


   Skills:
 * Level 3.8 Fighting
 + Level 2.3 Axes
 * Level 0.6 Ranged Weapons
 * Level 3.8 Armour
 + Level 0.1 Dodging
 * Level 4.2 Shields
 * Level 1.3 Invocations


You had 3 spell levels left.
You didn't know any spells.
Your spell library contained the following spells:

 Spells                   Type           Power      Damage    Failure   Level
 Freeze                   Ice            0%         1d3       80%         1
 Frozen Ramparts          Ice            0%         1d1       99%         3
 Hailstorm                Conj/Ice       0%         3d3       99%         3


Dungeon Overview and Level Annotations

Branches:
Dungeon (3/15)

Altars:
Uskayaw


Innate Abilities, Weirdness & Mutations

You cannot be hasted, slowed, berserked, paralysed or teleported.
You can dig through walls and to a lower floor.
You have a pair of large antennae on your head. (SInv)
Your four strong arms can wield two-handed weapons with a shield.


Message History

Things that are here:
a +0 club; a +0 sling; a goblin corpse
h - 3 black potions (gained 1)
m - a scroll labelled EBUL TALIAWIEM
m - 2 scrolls labelled EBUL TALIAWIEM (gained 1)
You now have 85 gold pieces (gained 5).
Found a stone staircase leading down.
You now have 89 gold pieces (gained 4).
An ice beast comes into view.
An ice beast is nearby!
You block the ice beast's attack.
There is a stone staircase leading down here.
You barely miss the ice beast.
The ice beast hits you but does no damage.
The ice beast hits you. The ice beast freezes you.
You closely miss the ice beast. You block the ice beast's attack.
You hit the ice beast but do no damage. You block the ice beast's attack.
You completely miss the ice beast. You block the ice beast's attack.
The ice beast closely misses you.
You closely miss the ice beast.
The ice beast hits you but does no damage.
You barely miss the ice beast. The ice beast hits you.
The ice beast freezes you!
The ice beast hits you but does no damage.
You barely miss the ice beast. The ice beast hits you.
The ice beast freezes you!
* * * LOW HITPOINT WARNING * * *
You are too injured to fight recklessly!
You are too injured to fight recklessly!
You feel very mighty all of a sudden.
The ice beast hits you but does no damage.
You slash the ice beast!
The ice beast is moderately wounded.
You block the ice beast's attack.
You barely miss the ice beast.
The ice beast is moderately wounded.
The ice beast closely misses you. The ice beast hits you.
* * * LOW HITPOINT WARNING * * *
The ice beast freezes you.
You die...

#.#.#.#$#.#..##..
#...#.###.#..##.#
#............##.#
#.#.#.###.#..##.#
#####.#..........##>#
...#.####...........
#.#.# #########.#
#...# .# #.@## ..
#.Y# ## #.># #..#
#..# #..# .... #...#
#...#


You could see an ice beast.

Vanquished Creatures
  3 dart slugs
  An orc (D:3)
  6 bats
  4 endoplasms
  2 giant cockroaches
  6 goblins
  3 hobgoblins
  4 kobolds
  2 quokkas
  7 ball pythons
  7 frilled lizards
  2 rats
47 creatures vanquished.

Notes
Turn   | Place    | Note
-------+----------+-------------------------------------------
     0 | D:1      | Zdeegee the Formicid Fighter began the quest for the Orb.
     0 | D:1      | Reached XP level 1. HP: 18/18 MP: 1/1
   121 | D:1      | Found a faded altar of an unknown god.
   302 | D:1      | Reached XP level 2. HP: 24/24 MP: 2/2
   708 | D:1      | Reached XP level 3. HP: 30/30 MP: 3/3
  1105 | D:2      | Identified the +2 helmet of Past Mistakes {+Blink rC+ rN+}
  1774 | D:3      | Reached skill level 1 in Invocations
  1794 | D:3      | Found a hide-covered altar of Uskayaw.
  1917 | D:3      | Reached XP level 4. HP: 37/37 MP: 4/4
  1965 | D:3      | Noticed an ice beast
  1980 | D:3      | Slain by an ice beast

Illustrated notes

Levels and vault maps discovered:
D:1:      dpeg_arrival_shelter, layout_basic,
          dreamdust_ecumenical_altar_statues, hex_medium
D:2:      layout_loops_corners, serial_rivers, chequers_serial_rivers_room_a,
          chequers_serial_rivers_large_a, chequers_serial_rivers_room_b,
          chequers_serial_rivers_large_b, chequers_serial_rivers_small_a
D:3:      layout_loops_ring, lemuel_crystal_altar, mainiacjoe_overflow_alcove_4,
          minmay_surrounded

Skill      XL: |  1  2  3 |
---------------+----------+-----
Invocations    | 1 |  1.3
Fighting       | |  3.8
Axes           | |  2.3
Ranged Weapons | |  0.6
Armour         | |  3.8
Dodging        | |  0.1
Shields        | |  4.2

Action                     |  1- 3 |  4- 6 || total
---------------------------+-------+-------++-------
  Melee: War axe           |   118 |    17 ||   135
Ability: Dig               |     4 |       ||     4
    Use: Potion            |       |     1 ||     1
 Armour: Scale mail        |    89 |    11 ||   100
  Dodge: Dodged            |    55 |     8 ||    63
  Block: Buckler           |    21 |    10 ||    31

Table legend: (Time is in decaauts)
 A = Elapsed time spent in this place.
 B = Non-inter-level travel time spent in this place.
 C = Inter-level travel time spent in this place.
 D = Time resting spent in this place.
 E = Time spent auto-exploring this place.
 F = Levels seen in this place.
 G = Mean time per level.
                   A        B        C        D        E       F      G
               +--------+--------+--------+--------+--------+-----+--------+
         Total |   2078 |   2024 |     54 |      0 |   1663 |   3 |  692.7 |
       Dungeon |   2078 |   2024 |     54 |      0 |   1663 |   3 |  692.7 |
               +--------+--------+--------+--------+--------+-----+--------+

Top non-repeatable levels by time:
     D:2: 1063 daAuts
     D:1: 777 daAuts
     D:3: 236 daAuts
